AoeStats
← Hydro

Arabia

509975037Analyzed
1v1 RM · 2d ago on Sep 28, 2026· 38m 43s· 2 players
Game mode
Random Map
Map size
Tiny (2 player)
Population
200
Speed
Normal
Resources
Standard
Victory
Conquest
Starting age
Dark Age
Ending age
Imperial Age
RankedLock teamsTeams togetherTeam positionsShared explorationLock speedFull tech treeHidden civsTurbo modeCheats
Victory
Defeat
🇵🇪 Britons · Peru
845
+15
🇺🇸 Vietnamese · United States
824
-15
gravesrbt
8:53 Loom
11:15 Feudal Age
12:34 Wheelbarrow
11:47 Double-Bit Axe
11:44 Horse Collar
21:41 Castle Age
21:22 Gold Mining
21:22 Stone Mining
23:58 Bloodlines
23:48 Husbandry
24:25 Bow Saw
24:24 Heavy Plow
29:43 Stone Shaft Mining
30:45 Hand Cart
30:24 Elite Skirmisher
31:11 Thumb Ring
35:41 Imperial Age
35:05 Fortified Wall
35:16 Ballistics
37:27 Two-Man Saw
36:32 Chatras
36:07 Elite Battle Elephant
37:02 Imperial Skirmisher
Hydro
0:57 Loom
1:58 Loom
7:37 Loom
9:31 Feudal Age
10:20 Loom
15:32 Castle Age
13:53 Gold Mining
14:02 Stone Mining
14:16 Double-Bit Axe
15:04 Horse Collar
16:54 Bow Saw
19:58 Wheelbarrow
20:26 Town Watch
22:15 Fervor
26:30 Town Patrol
29:43 Imperial Age
29:26 Hand Cart
29:33 Hand Cart
31:39 Conscription
31:22 Murder Holes
32:27 Gold Shaft Mining
32:05 Forging
31:56 Scale Mail Armor
34:46 Iron Casting
34:26 Chain Mail Armor
34:09 Elite Longbowman
36:39 Blast Furnace
35:54 Pikeman
36:22 Arson
37:39 Padded Archer Armor
37:30 Fletching
37:48 Heavy Plow
Connection lost

Rejoining the realm…

Still unreachable

The connection could not be restored.

Session expired

The server has moved on; the page needs a fresh start.